 Dungeon Crawl Stone Soup version 0.31-a0-765-g67fe2935dc (webtiles) character file.

Game seed: 3844204965501343490

168 Dittersdorf the Trooper (level 5, 0/34 HPs)
             Began as a Gargoyle Fighter on Sept 15, 2023.
             Slain by a gnoll
             ... wielding a +0 halberd
             ... led by a gnoll bouda
              (1 damage)
             ... on level 4 of the Dungeon.
             The game lasted 00:03:56 (2394 turns).

Dittersdorf the Trooper (Gargoyle Fighter)          Turns: 2394, Time: 00:03:56

Health: 0/34       AC: 14    Str: 22    XL:     5   Next: 49%
Magic:  5/5        EV:  8    Int:  8    God:
Gold:   172        SH:  6    Dex: 12    Spells: 4/4 levels left

rFire   . . .        t - +1 flail (drain)
rCold   . . .        c - +1 buckler
rNeg    + . .        l - +0 chain mail
rPois   ∞            (no helmet)
rElec   +            u - +0 cloak
rCorr   .            (no gloves)
SInv    .            (no boots)
Will    +....        w - amulet "Pedghapakk" {Faith +Blink Will+ Dex+3} Stlth
                     (no ring)
HPRegen 0.25/turn    (no ring)
MPRegen 0.09/turn

%: faith
@: no status effects
A: sickness immunity, AC +4, negative energy resistance 1, electricity
resistance, torment resistance 1, petrification resistance
a: Evoke Blink


You were on level 4 of the Dungeon.
You visited 1 branch of the dungeon, and saw 4 of its levels.

You collected 172 gold pieces.

Inventory:

Hand Weapons
 t - a +1 flail of draining (weapon)
 v - a +0 flail
Missiles
 h - 15 poisoned darts (quivered)
Armour
 c - a +1 buckler (worn)
 l - a +0 chain mail (worn)
 u - a +0 cloak (worn)
Jewellery
 w - the amulet "Pedghapakk" (around neck) {Faith +Blink Will+ Dex+3}
   (You found it on level 3 of the Dungeon)

   [amulet of faith]

   Faith:     It allows you to gain divine favour quickly.
   Dex+3:     It affects your dexterity (+3).
   Will+:     It increases your willpower.
   +Blink:    It lets you blink.
Wands
 a - a wand of acid (4)
 p - a wand of charming (9)
Scrolls
 e - a scroll of enchant armour
 f - a scroll of revelation
 j - 3 scrolls of teleportation {unknown}
 k - a scroll of vulnerability {unknown}
 o - a scroll of amnesia {unknown}
 r - a scroll of identify {unknown}
 s - a scroll of poison {unknown}
Potions
 d - a potion of might
 g - 5 potions of curing {unknown}
 i - a potion of attraction {unknown}
 m - 3 potions of ambrosia {unknown}
 n - 2 potions of heal wounds {unknown}
 q - a potion of invisibility {unknown}


   Skills:
 + Level 4.3 Fighting
 + Level 3.2 Maces & Flails
 + Level 4.3 Armour
 + Level 4.2 Shields


You had 4 spell levels left.
You didn't know any spells.
Your spell library contained the following spells:

 Spells                   Type           Power      Damage    Failure   Level
 Call Canine Familiar     Summ           0%         N/A       100%        3
 Sigil of Binding         Hex            0%         N/A       100%        3
 Tukima's Dance           Hex            0%         N/A       100%        3
 Dimensional Bullseye     Hex/Tloc       0%         N/A       100%        4
 Iskenderun's Mystic Bla  Conj/Tloc      0%         2d3       100%        4
 Leda's Liquefaction      Hex/Erth       0%         N/A       100%        4


Dungeon Overview and Level Annotations

Branches:
Dungeon (4/15)
 Temple: D:4-7

Altars:
Hepliaklqana
Kikubaaqudgha


Innate Abilities, Weirdness & Mutations

You are immune to sickness and miasma.
Your stone body is resilient. (AC +4)
You are immune to poison.
You resist negative energy. (rN+)
You are resistant to electric shocks. (rElec)
You are resistant to unholy torment.
You are immune to petrification.


Message History

You closely miss the kobold. The gnoll hits you but does no damage.
The endoplasm hits you but does no damage.
The kobold barely misses you. The gnoll closely misses you.
You block the gnoll's attack.
You hit the kobold.
The kobold is moderately wounded.
The endoplasm freezes you.
You are frozen.
* * * LOW HITPOINT WARNING * * *
The kobold closely misses you. The gnoll barely misses you. x2
You closely miss the kobold.
The kobold is moderately wounded.
The kobold closely misses you. You block the endoplasm's attack.
The gnoll barely misses you. The gnoll closely misses you.
The endoplasm hits you but does no damage.
The kobold hits you with a +0 short sword.
* * * LOW HITPOINT WARNING * * *
You block the gnoll's attack.
You hit the kobold.
You kill the kobold!
The gnoll hits you with a +0 club.
* * * LOW HITPOINT WARNING * * *
You block the endoplasm's attack. The gnoll barely misses you.
Things that are here:
a +0 short sword; 3 stones; a kobold corpse You barely miss the gnoll.
The gnoll hits you but does no damage. The gnoll barely misses you.
The gnoll hits you but does no damage.
You barely miss the gnoll. The gnoll barely misses you.
The gnoll hits you but does no damage.
You hit the gnoll.
The gnoll is lightly wounded.
The gnoll hits you from afar with a +0 halberd.
* * * LOW HITPOINT WARNING * * *
The gnoll hits you but does no damage. The gnoll closely misses you.
You closely miss the gnoll.
The gnoll is lightly wounded.
The gnoll hits you with a +0 club.
* * * LOW HITPOINT WARNING * * *
The gnoll hits you from afar with a +0 halberd.
You die...

##.#......,,* ****,** **,***,*,∩,
##.#.....h#.#* *,,***,,* *,,,,,
##.#######...# *,,,*,,,* ***,,,
##.#######.B.# ****,*,** ****
...#######...# ***,*
##.#######...##### *,*
##.#######.gr#.gJ# *,* *****
##<#######...#.#g### *,* *,,,,
............gr.#@..#***,*****,,,,
##...........####.......,,,,,,,,,
##.#...........#,.......*,**,,,,,
##.#######...#.#,.......,,**,,,,,
.....#####...#..........****,****
...#.#####...#*##......#****,*
##.#.#####..)# *####...,,,,,*
...#.#####...# *,,,...,********
**,*,* #...# *,**,**,* *,,


You could see 2 gnolls and an endoplasm.

Vanquished Creatures
  A gnoll bouda (D:4)
  A gnoll (D:4)
  5 adders
  A worm (D:2)
  5 orcs (D:3)
  5 ball pythons
  8 endoplasms
  4 giant cockroaches
  9 hobgoblins
  8 kobolds
  3 quokkas
  6 bats
  2 frilled lizards (D:3)
  7 goblins
  6 rats
  A spectral kobold (D:2)
72 creatures vanquished.

Notes
Turn   | Place    | Note
-------+----------+-------------------------------------------
     0 | D:1      | Dittersdorf the Gargoyle Fighter began the quest for the
                  | Orb.
     0 | D:1      | Reached XP level 1. HP: 14/14 MP: 1/1
   138 | D:1      | Reached XP level 2. HP: 19/19 MP: 2/2
   629 | D:2      | Reached XP level 3. HP: 23/23 MP: 3/3
  1106 | D:2      | Reached XP level 4. HP: 29/29 MP: 4/4
  1122 | D:2      | Found a faded altar of an unknown god.
  1728 | D:3      | Found a hazy altar of Hepliaklqana.
  1909 | D:3      | Identified the +4 dagger "Mekul" {flame, Dex+3}
  2183 | D:3      | Found an ancient bone altar of Kikubaaqudgha.
  2242 | D:3      | Identified the amulet "Pedghapakk" {Faith +Blink Will+
                  | Dex+3}
  2361 | D:4      | Reached XP level 5. HP: 33/33 MP: 5/5
  2394 | D:4      | HP: 1/34 [gnoll/+0 club[a gnoll bouda] (2)]
  2394 | D:4      | Slain by a gnoll

Illustrated notes

Levels and vault maps discovered:
D:1:      dpeg_arrival_orchard, layout_basic, chequers_serial_rivers_marsh,
          minmay_pentomino_q2
D:2:      wad_crossroads, layout_basic,
          dreamdust_ecumenical_altar_drowned_temple
D:3:      layout_loops_corners, mainiacjoe_overflow_alcove_1,
          general_overflow_altar
D:4:      layout_loops_cross, led_sif_pool, nicolae_ossuary_entry_plus,
          serial_shops, shop, uniq_edmund

Skill      XL: |  1  2  3  4 |
---------------+-------------+-----
Fighting       | 4 |  4.3
Armour         | 4 |  4.3
Shields        | 4 |  4.2
Maces & Flails | 3 |  3.2

Action                     |  1- 3 |  4- 6 || total
---------------------------+-------+-------++-------
  Melee: Flail             |   112 |   125 ||   237
    Use: Scroll            |       |     3 ||     3
 Armour: Scale mail        |    27 |       ||    27
         Chain mail        |    54 |   134 ||   188
  Dodge: Dodged            |    48 |    76 ||   124
  Block: Buckler           |    17 |    39 ||    56

Table legend: (Time is in decaauts)
 A = Elapsed time spent in this place.
 B = Non-inter-level travel time spent in this place.
 C = Inter-level travel time spent in this place.
 D = Time resting spent in this place.
 E = Time spent auto-exploring this place.
 F = Levels seen in this place.
 G = Mean time per level.
                   A        B        C        D        E       F      G
               +--------+--------+--------+--------+--------+-----+--------+
         Total |   2470 |   2355 |    115 |      0 |   1765 |   4 |  617.5 |
       Dungeon |   2470 |   2355 |    115 |      0 |   1765 |   4 |  617.5 |
               +--------+--------+--------+--------+--------+-----+--------+

Top non-repeatable levels by time:
     D:3: 982 daAuts
     D:2: 835 daAuts
     D:1: 588 daAuts
     D:4: 63 daAuts
